 Dungeon Crawl Stone Soup version 0.19-a0-277-g85cb9a5 (webtiles) character file.

135 beholder the Sneak (level 5, -1/24 HPs)
             Began as a Vine Stalker Enchanter on May 26, 2016.
             Asphyxiated
             ... on level 3 of the Dungeon.
             The game lasted 00:19:12 (1571 turns).

beholder the Sneak (Vine Stalker Enchanter)         Turns: 1571, Time: 00:19:13

Health: -1/24      AC:  6    Str: 10    XL:     5   Next: 18%
Magic:  0/10       EV: 12    Int: 16    God:
Gold:   77         SH:  0    Dex: 15    Spells: 3 memorised, 2 levels left

rFire  . . .     SeeInvis .     a - +1 dagger
rCold  . . .     Gourm    .     b - +1 robe
rNeg   . . .     Faith    .     (no shield)
rPois  .         Spirit   +     (no helmet)
rElec  .         Dismiss  .     e - +0 cloak
rCorr  .         Reflect  .     o - +1 pair of gloves
SustAt .         Harm     .     (no boots)
MR     .....                    (no amulet)
Stlth  +++.......               (no ring)
                                (no ring)

@: lethally poisoned (-1 -> -4), slowed, very slow, not resistant to hostile
enchantments, fairly stealthy
A: fangs 2, regeneration 1, magic shield, antimagic bite, no device heal 3, rot
immunity
a: no special abilities


You were on level 3 of the Dungeon.
You were not hungry.

You visited 1 branch of the dungeon, and saw 3 of its levels.

You collected 77 gold pieces.

Inventory:

Hand Weapons
 a - a +1 dagger (weapon)
 f - a +2 short sword of draining
 j - a +3 dagger
 k - a -3 short sword
Armour
 b - a +1 robe (worn)
 e - a +0 cloak (worn)
 o - a +1 pair of gloves (worn)
 p - a cursed +0 shield
Scrolls
 h - a scroll of identify
 i - a scroll of immolation
 q - a scroll of magic mapping {unknown}
Potions
 g - a potion of curing
Books
 c - a book of Maledictions

   Spells                             Type                      Level
   a - Corona                         Hexes                        1
   b - Ensorcelled Hibernation        Hexes/Ice                    2
   c - Confuse                        Hexes                        3
   d - Tukima's Dance                 Hexes                        3
   e - Dazzling Spray                 Conjuration/Hexes            3
Comestibles
 d - 2 bread rations
 l - a meat ration
 m - 7 chunks of flesh


   Skills:
 - Level 1.0 Short Blades
 - Level 1.5 Dodging
 * Level 4.9 Stealth
 * Level 3.1 Spellcasting
 + Level 1.0 Conjurations
 * Level 4.2 Hexes


You had 2 spell levels left.
You knew the following spells:

 Your Spells              Type           Power        Failure   Level  Hunger
c - Confuse               Hex            ###.....     12%         3    ###....
d - Dazzling Spray        Conj/Hex       ##....       21%         3    ###....
e - Ensorcelled Hibernat  Hex/Ice        #.....       14%         2    ##.....


Dungeon Overview and Level Annotations

Branches:
Dungeon (3/15)

Altars:
Cheibriados


Innate Abilities, Weirdness & Mutations

You have extremely sharp teeth.
Your natural rate of healing is unusually fast.
When hurt, damage is shared between your health and your magic reserves.
Your bite disrupts and absorbs the magic of your enemies.
Potions and wands cannot restore your health.
You are immune to rotting.


Message History

You have difficulty breathing.
* * * LOW HITPOINT WARNING * * *
You feel yourself slow down.
The kobold shoots a curare-tipped needle.
The curare-tipped needle barely misses you.
You see here a curare-tipped needle.
You take 9 damage, and have 6/24 hp.
MASSIVE DAMAGE!!
You now have 1/10 mp.
Casting: Ensorcelled Hibernation
Confirm with . or Enter, or press ? or * to list all spells.
You don't have enough magic to cast that spell.
* * * LOW HITPOINT WARNING * * *
You feel sick.
You take 1 damage, and have 5/24 hp.
Drink which item? (? for menu, Esc to quit)
You feel better.
The kobold shoots a curare-tipped needle.
The curare-tipped needle hits you.
You are poisoned.
You have difficulty breathing.
You die...

#....#
###....# # #
......# .#
#.##.#.)##.###
#.....(.......
#o
#.##..†....###
#.#.##.#..####
#<...<......#
#.#..@....##.#
#(##(#..# #
#.......#
###.K....).#
#..$..<..#
#.......##
#.......#
#.......#
#.......#


You could see an orc (sleeping) and a kobold.

Vanquished Creatures
  Jessica (D:2)
  4 adders (D:2)
  3 oozes (D:1)
  A worm (D:2)
  A dart slug (D:2)
  5 bats
  5 goblins
  6 hobgoblins
  7 jackals (D:1)
  A ball python (D:1)
  3 giant newts
  13 kobolds
  5 rats
55 creatures vanquished.

Notes
Turn   | Place    | Note
--------------------------------------------------------------
     0 | D:1      | beholder the Vine Stalker Enchanter began the quest for the Orb.
     0 | D:1      | Reached XP level 1. HP: 9/9 MP: 4/4
    43 | D:1      | Reached skill level 1 in Short Blades
   121 | D:1      | Reached XP level 2. HP: 12/13 MP: 3/6
   183 | D:1      | Learned a level 2 spell: Ensorcelled Hibernation
   317 | D:1      | Reached XP level 3. HP: 16/16 MP: 4/7
   399 | D:1      | Learned a level 3 spell: Dazzling Spray
   823 | D:2      | Reached XP level 4. HP: 17/21 MP: 2/9
   824 | D:2      | Found a snail-covered altar of Cheibriados.
  1141 | D:2      | Noticed Jessica
  1357 | D:2      | Killed Jessica
  1357 | D:2      | Reached XP level 5. HP: 24/24 MP: 7/10
  1419 | D:2      | Reached skill level 1 in Conjurations
  1528 | D:2      | Learned a level 3 spell: Confuse
  1571 | D:3      | Asphyxiated

Vault maps used:
D:1:      scummos_arrival_gate, corexii_hall_statues_s, st_stairs_1,
          minmay_misc_feat_tiny
D:2:      kennysheep_slug_shrine, first_bread, uniq_jessica
D:3:      lemuel_doored_altar, lemuel_crystal_altar,
          nicolae_overflow_hidden_temple, uniq_robin, uniq_iyjb

Skill      XL: |  1  2  3  4  5 |
---------------+----------------+-----
Short Blades   | 1 |  1.0
Stealth        | 4 |  4.9
Hexes          | 4 |  4.2
Spellcasting   | 3 |  3.1
Conjurations   | 1 |  1.0
Dodging        | |  1.5

Action                   |  1- 3 |  4- 6 || total
-------------------------+-------+-------++-------
Melee: Dagger            |    88 |    15 ||   103
       Bite              |    13 |     6 ||    19
       Short sword       |     8 |    33 ||    41
 Cast: Corona            |     2 |       ||     2
       Ensorcelled Hiber |    14 |    15 ||    29
       Dazzling Spray    |       |     1 ||     1
       Confuse           |       |     1 ||     1
  Use: Scroll            |       |     6 ||     6
       Potion            |       |     1 ||     1
 Stab: Sleeping          |    18 |    12 ||    30
  Eat: Chunk             |     1 |     3 ||     4
Armor: Robe              |    27 |    19 ||    46
Dodge: Dodged            |    70 |    22 ||    92
